 Dungeon Crawl Stone Soup version 0.31-a0-557-g6e16503903 (webtiles) character file.

Game seed: 1680163816602462006

51 Ge0ff the Slasher (level 2, 0/25 HPs)
             Began as a Barachi Chaos Knight on Aug 16, 2023.
             Was a Follower of Ru.
             Killed from afar by Sigmund (5 damage)
             ... with a magic dart
             ... on level 2 of the Dungeon.
             The game lasted 00:06:32 (1111 turns).

Ge0ff the Slasher (Barachi Chaos Knight)            Turns: 1111, Time: 00:06:33

Health: 0/25       AC:  5    Str: 13    XL:     2   Next: 81%
Magic:  2/2        EV: 11    Int: 12    God:    Ru [*.....]
Gold:   71         SH:  0    Dex: 13    Spells: 1/1 levels left

rFire   . . .        a - +0 falchion (chaos)
rCold   . . .        (no shield)
rNeg    . . .        b - +2 leather armour
rPois   .            (helmet currently unavailable)
rElec   .            (cloak currently unavailable)
rCorr   +            (gloves currently unavailable)
SInv    .            (boots currently unavailable)
Will    .....        (no amulet)
Stlth   ++           R - ring of resist corrosion
HPRegen 0.24/turn    (no ring)
MPRegen 0.08/turn

%: no passive effects
@: beast-form, unable to hop, slow
A: beast (slay +0), amphibious, slowness 1, inexperienced 1, strong legs 1, +LOS
a: Hop, Begin Untransformation, Renounce Religion


You were on level 2 of the Dungeon.
You worshipped Ru.
Ru was aware of your devotion.
You were a hulking beast.
You visited 1 branch of the dungeon, and saw 2 of its levels.

You collected 71 gold pieces.

Inventory:

Hand Weapons
 a - a +0 falchion of chaos (weapon)
 M - the +2 mace "Uhelu" {flame, rElec Str+2}
   (You found it on level 2 of the Dungeon)

   Str+2:     It affects your strength (+2).
   rElec:     It insulates you from electricity.
 Q - a +0 trident
Missiles
 O - 2 javelins
 V - 40 stones (quivered)
Armour
 b - a +2 leather armour (worn)
Jewellery
 R - a ring of resist corrosion (left hand)
Talismans
 N - a beast talisman (active)
Scrolls
 S - a scroll of butterflies
 T - a scroll of immolation {unknown}
 W - 2 scrolls of identify {unknown}
 Y - a scroll of teleportation {unknown}
 Z - a scroll of fog {unknown}
Potions
 q - a potion of curing
 P - a potion of brilliance {unknown}
 U - a potion of heal wounds {unknown}
 X - 2 potions of berserk rage {unknown}


   Skills:
 - Level 4.0 Fighting
 + Level 4.6 Long Blades
 - Level 2.4 Armour
 - Level 1.1 Dodging
 - Level 2.0 Stealth
 + Level 0.0 Shapeshifting


You had one spell level left.
You didn't know any spells.
Your spell library contained the following spells:

 Spells                   Type           Power      Damage    Failure   Level
 Cigotuvi's Dreadful Rot  Necr/Pois/Air  0%         N/A       54%         2
 Dispel Undead            Necr           0%         3d6       99%         4
 Death Channel            Necr           0%         N/A       100%        6


Dungeon Overview and Level Annotations

Branches:
Dungeon (2/15) Zot: 10721

Altars:
Ru

Annotations:
D:1 4*invo (lifter) or 27throwing
D:2 Sigmund


Innate Abilities, Weirdness & Mutations

You are a hulking beast.
Your limbs bulge with bestial killing power. (Slay +0)
You are amphibious.
You cover ground slowly.
You are somewhat inexperienced. (-1 XL)
You can hop short distances.
You have an extended range of vision and can be seen from far away.


Message History

You see here a beast talisman.
N - a beast talisman Your movement speed is slow.
Your attack delay is about 1.0.
Your damage rating with your +0 falchion of chaos is about 10 (Base 8 x 107% (Dex) x 116% (Skill)).
You begin transforming.
You continue transforming. x3
You turn into a hulking beast.
You are a hulking beast.
Your movement speed is slow.
Your attack delay is about 1.0.
Your damage rating with your +0 falchion of chaos is about 10 (Base 8 x 107% (Dex) x 116% (Skill)).
Unknown command.
Unknown command.
M - the +2 mace "Uhelu" {flame, rElec Str+2} Sigmund the Dreaded comes into view.
He is wielding a +0 scythe of protection.
Sigmund shouts!
Sigmund hits you from afar with a +0 scythe of protection.
Sigmund completely misses you.
You barely miss Sigmund. You slash Sigmund!
Sigmund is moderately wounded.
Sigmund hits you with a +0 scythe of protection.
You hit Sigmund but do no damage.
Sigmund suddenly seems more agile.
Sigmund is moderately wounded.
Sigmund closely misses you.
You closely miss Sigmund.
Sigmund is moderately wounded.
Sigmund gestures at you while chanting. The magic dart hits you.
You hit Sigmund but do no damage. You drain Sigmund.
Sigmund is moderately wounded.
Sigmund screams, "I am the angel of ZOT!!!"
Sigmund casts a spell.
Sigmund flickers and vanishes!
Deactivating autopickup; reactivate with Ctrl-A.
You hit something but do no damage.
You hear some strange, mumbled words.
Something tries to affect you, but you resist.
Use which ability? (? or * to list) Hop to where?
Press: ? - help, Dir - move target Boing!
You hear some strange, mumbled words.
A puff of flame appears from out of thin air!
The puff of flame hits you!
A magic dart appears from out of thin air!
The magic dart hits you.
* * * LOW HITPOINT WARNING * * *
A magic dart appears from out of thin air!
The magic dart hits you.
You die... "Huh?
Did I miss anything?"

..###.......#.#..................
.................................
..###..................###.###...
..###........#........## #.# ...
...##........#......{.# ..# ##
...#.........#........# #.##
.#....................# #.
.........#.#..........# #.
..##............h.....##..
#.##.##.##.......÷.......>
..............÷.......###.
.....#.....###........#
......................##
.........########......# #
.>.#..#....# ##...#.# .#
.....##..#.######......##.##
..................#........#


There were no monsters in sight!

Vanquished Creatures
  An adder (D:2)
  A dart slug (D:1)
  3 bats
  3 endoplasms
  2 giant cockroaches (D:2)
  4 hobgoblins
  6 jackals (D:2)
  5 kobolds
  4 quokkas
  2 ball pythons (D:1)
  3 rats
34 creatures vanquished.

Notes
Turn   | Place    | Note
-------+----------+-------------------------------------------
     0 | D:1      | Ge0ff the Barachi Chaos Knight began the quest for the Orb.
     0 | D:1      | Reached XP level 1. HP: 18/18 MP: 1/1
    98 | D:1      | Reached skill level 1 in Stealth
   200 | D:1      | XOM: silly message
   206 | D:1      | Reached XP level 2. HP: 21/24 MP: 2/2
   278 | D:1      | XOM: enchant monster (bad)
   686 | D:2      | Reached XP level 3. HP: 26/30 MP: 3/3
   691 | D:2      | XOM: enchant monster (bad)
   722 | D:2      | Found a faded altar of an unknown god.
   725 | D:2      | Prayed at the altar of an unknown god.
   725 | D:2      | Fell from the grace of Xom
   725 | D:2      | Became a worshipper of Ru the Awakened
   729 | D:2      | Gained mutation: You are somewhat inexperienced. (-1 XL)
                  | [Ru sacrifice]
   729 | D:2      | Reached XP level 2. HP: 25/25 MP: 2/2
   729 | D:2      | Reached * piety under Ru
  1072 | D:2      | Identified the +2 mace "Uhelu" {flame, rElec Str+2}
  1092 | D:2      | Noticed Sigmund
  1111 | D:2      | Killed from afar by Sigmund

Illustrated notes

Levels and vault maps discovered:
D:1:      enne_arrival_octagon_isle, layout_loops_ring
D:2:      layout_rooms, chequers_ecumenical_altar_grove, basic_altar,
          uniq_sigmund

Skill      XL: |  1  2  3 |
---------------+----------+-----
Stealth        | 1 2 |  2.0
Fighting       | 4 |  4.0
Long Blades    | 4 |  4.6
Armour         | |  2.4
Dodging        | |  1.1

Action                     || total
---------------------------++-------
  Melee: Falchion          ||   144
  Throw: Stone             ||     9
 Invoke: Sacrifice Experie ||     1
Ability: Hop               ||     1
    Use: Potion            ||     1
 Armour: Leather armour    ||    49
  Dodge: Dodged            ||    88
   Form: Beast             ||     1

Table legend: (Time is in decaauts)
 A = Elapsed time spent in this place.
 B = Non-inter-level travel time spent in this place.
 C = Inter-level travel time spent in this place.
 D = Time resting spent in this place.
 E = Time spent auto-exploring this place.
 F = Levels seen in this place.
 G = Mean time per level.
                   A        B        C        D        E       F      G
               +--------+--------+--------+--------+--------+-----+--------+
         Total |   1277 |   1234 |     43 |      0 |    747 |   2 |  638.5 |
       Dungeon |   1277 |   1234 |     43 |      0 |    747 |   2 |  638.5 |
               +--------+--------+--------+--------+--------+-----+--------+

Top non-repeatable levels by time:
     D:1: 826 daAuts
     D:2: 450 daAuts
